 Dungeon Crawl Stone Soup version 0.25-a0-719-gde951dce62 (webtiles) character file.

Game seed: 7934771369749263621, levelgen mode: deterministic

751 Fukker the Slasher (level 7, 46/52 HPs)
             Began as a Demonspawn Fighter on Apr 6, 2020.
             Quit the game on level 3 of the Dungeon.
             The game lasted 00:08:16 (3790 turns).

Fukker the Slasher (Demonspawn Fighter)             Turns: 3790, Time: 00:08:17

Health: 46/52      AC: 10    Str: 18    XL:     7   Next: 49%
Magic:  7/7        EV:  9    Int:  9    God:
Gold:   174        SH:  7    Dex: 13    Spells: 6/6 levels left

rFire    . . .     SeeInvis .   a - +0 long sword
rCold    . . .     Gourm    .   j - +2 buckler
rNeg     . . .     Faith    .   b - +0 scale mail
rPois    +         Spirit   .   (no helmet)
rElec    .         Reflect  .   d - +0 cloak {rPois}
rCorr    .         Harm     .   (no gloves)
MR       .....                  (no boots)
Stlth    ..........             (no amulet)
HPRegen  0.17/turn              (no ring)
MPRegen  0.10/turn              (no ring)

@: no status effects
A: claws 1, yellow scales 1, spiny 1
a: no special abilities


You were on level 3 of the Dungeon.
You were not hungry.

You visited 1 branch of the dungeon, and saw 4 of its levels.

You collected 174 gold pieces.

Inventory:

Hand Weapons
 a - a +0 long sword (weapon)
Missiles
 g - 41 arrows
 h - 34 poisoned darts (quivered)
 i - 79 stones
 o - 2 throwing nets
Armour
 b - a +0 scale mail (worn)
 c - a +0 kite shield
 d - a +0 cloak of poison resistance (worn)
 j - a +2 buckler (worn)
 n - a +0 cloak
Jewellery
 w - an uncursed amulet of faith {unknown}
Scrolls
 e - 3 scrolls of identify
 k - 2 scrolls of fear
 l - 2 scrolls of amnesia {unknown}
 m - a scroll of blinking
 p - 2 scrolls of enchant weapon
 q - a scroll of enchant armour
 r - a scroll of noise {unknown}
 s - 3 scrolls of magic mapping {unknown}
 u - a scroll of teleportation
Potions
 t - a potion of lignification {unknown}
Comestibles
 f - 6 rations


   Skills:
 - Level 3.0 Fighting
 + Level 5.7 Long Blades
 - Level 3.4 Armour
 - Level 0.7 Dodging
 - Level 5.3 Shields


You had 6 spell levels left.
You didn't know any spells.
Your spell library was empty.

Dungeon Overview and Level Annotations

Branches:
Dungeon (4/15)
 Temple: D:4-7

Altars:
Okawaru


Innate Abilities, Weirdness & Mutations

You have sharp fingernails.
You are partially covered in yellow scales. (AC +2)
You are partially covered in sharp spines.


Message History

The goblin hits you but does no damage.
The goblin hits you from afar with a +0 spear.
The goblin barely misses you. The goblin barely misses you.
The goblin closely misses you. The goblin closely misses you.
The goblin hits you but does no damage.
You're too confused to move!
The goblin barely misses you. x2
You nearly stumble into some deep water!
The goblin hits you but does no damage. The goblin closely misses you.
The goblin hits you but does no damage. The goblin barely misses you.
You're too confused to move!
The goblin hits you but does no damage.
The goblin hits you from afar with a +0 spear.
You bump into the granite statue.
The goblin barely misses you. x2
You nearly stumble into some deep water!
The goblin closely misses you. The goblin hits you but does no damage.
You bump into the granite statue.
You feel less confused. The goblin barely misses you.
You block the goblin's attack. You block the goblin's attack.
There is an iron altar of Okawaru here.
Are you sure you want to abandon this character and quit the game? (Confirm with "yes".)

#.#.# .# #..# ..#.#
.###.# ..# # ......
..# .##.##.### ..#
........
..#.####.##.#######
..#...(.....≈g≈...#
..# ##......≈≈≈.8.#
..# #..........8@8#
..###.......≈≈≈.8.#
............≈g≈...#
.########...#######
........#...#
#######.#...#
#.#.#.# #.#.#>#
#.#.#.#


You could see 2 goblins.

Vanquished Creatures
  Sigmund (D:3)
  An ogre (D:4)
  5 orc priests
  A bullfrog skeleton (D:3)
  Crazy Yiuf (D:2)
  Ijyb (D:4)
  An orc wizard (D:4)
  A hound skeleton (D:4)
  4 gnolls (D:3)
  9 adders
  An ooze (D:3)
  2 worms
  4 dart slugs
  3 leopard geckos
  12 orcs
  6 giant cockroaches
  12 hobgoblins
  4 jackals (D:4)
  2 quokkas
  2 ball pythons (D:1)
  6 bats
  8 frilled lizards
  5 goblins
  9 kobolds
  4 rats
105 creatures vanquished.

Notes
Turn   | Place    | Note
-------+----------+-------------------------------------------
     0 | D:1      | Fukker the Demonspawn Fighter began the quest for the Orb.
     0 | D:1      | Reached XP level 1. HP: 18/18 MP: 1/1
   134 | D:1      | Gained mutation: You have sharp fingernails. [demonic
                  | ancestry]
   134 | D:1      | Reached XP level 2. HP: 21/24 MP: 2/2
   379 | D:1      | Reached XP level 3. HP: 29/29 MP: 3/3
   912 | D:2      | Reached XP level 4. HP: 35/35 MP: 4/4
  1096 | D:2      | Found a runed translucent door.
  1097 | D:2      | Noticed Crazy Yiuf
  1103 | D:2      | Killed Crazy Yiuf
  1502 | D:3      | Reached XP level 5. HP: 41/41 MP: 5/5
  2376 | D:4      | Gained mutation: You are partially covered in sharp spines.
                  | [demonic ancestry]
  2376 | D:4      | Reached XP level 6. HP: 44/47 MP: 6/6
  3142 | D:4      | Noticed Ijyb
  3153 | D:4      | Reached skill level 5 in Shields
  3156 | D:4      | Paralysed by Ijyb for 3 turns
  3164 | D:4      | Paralysed by Ijyb for 2 turns
  3167 | D:4      | Paralysed by Ijyb for 4 turns
  3178 | D:4      | Killed Ijyb
  3303 | D:3      | Gained mutation: You are partially covered in yellow
                  | scales. (AC +2) [demonic ancestry]
  3303 | D:3      | Reached XP level 7. HP: 33/52 MP: 7/7
  3565 | D:3      | Noticed Sigmund
  3580 | D:3      | Killed Sigmund
  3580 | D:3      | Reached skill level 5 in Long Blades
  3763 | D:3      | Found an iron altar of Okawaru.
  3790 | D:3      | Quit the game

Levels and vault maps discovered:
D:1:      dpeg_chamrin_arrival_tetris, layout_basic, kennysheep_crisscross,
          minmay_hedge_maze
D:2:      layout_basic, st_stairs_3, uniq_crazy_yiuf_cottage
D:3:      layout_basic, kennysheep_okawaru_gauntlet, uniq_sigmund
D:4:      layout_basic, first_ration, uniq_ijyb

Skill      XL: |  1  2  3  4  5  6  7 |
---------------+----------------------+-----
Armour         | 3 |  3.4
Long Blades    | 2 3 4 5 |  5.7
Shields        | 4 5 |  5.3
Fighting       | |  3.0
Dodging        | |  0.7

Action                   |  1- 3 |  4- 6 |  7- 9 || total
-------------------------+-------+-------+-------++-------
Melee: Long sword        |   104 |   194 |    32 ||   330
Throw: Dart              |       |    17 |       ||    17
       Throwing net      |       |     3 |       ||     3
  Use: Potion            |       |     2 |     2 ||     4
       Scroll            |       |     6 |       ||     6
 Stab: Held in net/web   |       |     4 |       ||     4
  Eat: Chunk             |       |     5 |     1 ||     6
       Ration            |       |     1 |       ||     1
Armor: Scale mail        |    59 |    68 |    17 ||   144
Dodge: Dodged            |    58 |    79 |    21 ||   158
Block: Buckler           |       |    56 |    11 ||    67
       Rpst.: Long sword |    23 |    21 |     3 ||    47

Table legend:
 A = Non-vault XP
 B = Vault XP
 C = Vault XP percentage of total XP
 D = Non-vault monster count
 E = Vault monster count
 F = Vault count percentage of total count
                 A         B        C        D         E       F
            +---------+---------+-------+---------+---------+-------
      Total |     746 |     327 |  30.5 |      99 |       6 |   5.7
            +---------+---------+-------+---------+---------+-------
        D:1 |      49 |       0 |   0.0 |      29 |       0 |   0.0
        D:2 |      72 |      69 |  48.9 |      18 |       4 |  18.2
        D:3 |     354 |     220 |  38.3 |      31 |       1 |   3.1
        D:4 |     271 |      38 |  12.3 |      21 |       1 |   4.5
            +---------+---------+-------+---------+---------+-------
